 Dungeon Crawl Stone Soup version 0.21.0-37-g46506fa (webtiles) character file.

71915 Zwobot the Basher (level 14, -15/116 HPs)
             Began as a Mummy Fighter on Jan 30, 2018.
             Was an Initiate of Gozag.
             Demolished by Amaterasu's ghost (30 damage)
             ... on level 1 of the Swamp.
             The game lasted 01:31:59 (28840 turns).

Zwobot the Basher (Mummy Fighter)                  Turns: 28840, Time: 01:32:00

Health: -15/116    AC: 31    Str: 24    XL:     14   Next: 99%
Magic:  15/15      EV: 14    Int: 12    God:    Gozag
Gold:   758        SH:  0    Dex: 18    Spells: 11/13 levels left

rFire    + . .     SeeInvis .   b - +7 great mace of the Gloaming {flame, rN+ Dex+3}
rCold    + . .     Gourm    .   (shield currently unavailable)
rNeg     + + +     Faith    .   E - +5 chain mail of the Alphagorgon {rF+ Regen+ Dex+3}
rPois    ∞         Spirit   .   G - +2 hat {MR+}
rElec    .         Reflect  .   s - +2 cloak {rPois}
rCorr    +         Harm     .   t - +2 pair of gloves {Dex+3}
MR       ++...                  g - +0 pair of boots
Stlth    ..........             (no amulet)
HPRegen  0.69/turn              I - ring "Neezazxe" {rCorr rF+ Int+5 Dex-3}
MPRegen  0.14/turn              S - +4 ring of protection

@: no status effects
A: no food or potions, fire vulnerability, cold resistance 1, negative energy
resistance 3, torment resistance, unbreathing, in touch with death 1
a: Potion Petition, Call Merchant, Bribe Branch, Renounce Religion


You were on level 1 of the Swamp.
You worshipped Gozag.
Gozag was pleased with you.
You were not hungry.

You visited 6 branches of the dungeon, and saw 23 of its levels.
You also visited: Ossuary and Volcano.

You collected 6802 gold pieces.
You spent 3383 gold pieces at shops.
You paid 2661 gold pieces to Gozag.

Inventory:

Hand Weapons
 a - the +8 whip "Ogre's Curse" {venom, rC- Dex+3 SInv}
   (You found it on level 5 of the Dungeon)

   It poisons the flesh of those it strikes.
   It affects your dexterity (+3).
   It makes you vulnerable to cold.
   It lets you see invisible.
 b - the +7 great mace of the Gloaming (weapon) {flame, rN+ Dex+3}
   (You bought it in a shop on level 4 of the Lair of Beasts)

   It has been specially enchanted to burn those struck by it, causing extra
   injury to most foes and up to half again as much damage against particularly
   susceptible opponents.
   It affects your dexterity (+3).
   It protects you from negative energy.
 j - a +0 blowgun
 D - a +1 dagger of chaos
 F - a +0 morningstar of crushing
 L - a +0 hunting sling
 N - a +2 whip of pain
Missiles
 e - 591 stones
 m - 68 bolts
 n - 189 sling bullets
 r - 6 steel javelins (quivered)
 x - 28 tomahawks
 B - 87 poisoned needles
 K - 2 throwing nets
Armour
 f - a +2 helmet
 g - a +0 pair of boots (worn)
 l - a +0 plate armour
 q - a +0 helmet of see invisible
 s - a +2 cloak of poison resistance (worn)
 t - a +2 pair of gloves of dexterity (worn)
 E - the +5 chain mail of the Alphagorgon (worn) {rF+ Regen+ Dex+3}
   (You bought it in a shop on level 2 of the Orcish Mines)

   It affects your dexterity (+3).
   It protects you from fire.
   It increases your rate of regeneration.
 G - a +2 hat of magic resistance (worn)
 H - a +0 pair of gloves of strength
 J - a +2 shield
Jewellery
 v - a +3 ring of strength
 I - the ring "Neezazxe" (left hand) {rCorr rF+ Int+5 Dex-3}
   (You bought it in a shop on level 1 of the Snake Pit)

   [ring of resist corrosion]

   It affects your intelligence (+5).
   It affects your dexterity (-3).
   It protects you from fire.
 R - an uncursed ring of flight
 S - a +4 ring of protection (right hand)
 T - a +5 ring of dexterity
Wands
 c - a wand of digging (7)
 i - a wand of flame (97)
 w - a wand of iceblast (7)
 A - a wand of enslavement (31)
 Z - a wand of disintegration (6)
Scrolls
 d - 10 scrolls of teleportation
 h - 3 scrolls of amnesia
 k - 11 scrolls of remove curse
 p - 6 scrolls of immolation
 u - a scroll of brand weapon
 y - 4 scrolls of enchant armour
 z - 7 scrolls of enchant weapon
 C - a scroll of summoning
 M - a scroll of silence
 O - a scroll of blinking
 Q - 4 scrolls of identify
 U - 2 scrolls of fog
 W - a scroll of torment
 X - 2 scrolls of magic mapping
Books
 o - a book of Frost

   Spells                             Type                      Level
   a - Freeze                         Ice                          1
   b - Throw Frost                    Conjuration/Ice              2
   c - Ozocubu's Armour               Charms/Ice                   3
   d - Throw Icicle                   Conjuration/Ice              4
   e - Summon Ice Beast               Ice/Summoning                4
 V - a book of Minor Magic

   Spells                             Type                      Level
   a - Magic Dart                     Conjuration                  1
   b - Blink                          Translocation                2
   c - Call Imp                       Summoning                    2
   d - Slow                           Hexes                        2
   e - Conjure Flame                  Conjuration/Fire             3
   f - Mephitic Cloud                 Conjuration/Poison/Air       3
Miscellaneous
 P - a fan of gales
 Y - a lightning rod (inert)


   Skills:
 + Level 12.5 Fighting
 * Level 14.8 Maces & Flails
 - Level 10.0 Armour
 + Level 9.0 Dodging
 - Level 2.4 Shields
 + Level 1.1 Translocations
 - Level 2.3 Evocations


You had 11 spell levels left.
You knew the following spells:

 Your Spells              Type           Power        Failure   Level  Hunger
a - Blink                 Tloc           N/A          86%         2    N/A

Dungeon Overview and Level Annotations

Branches:
Dungeon (12/15)            Temple (1/1) D:7            Lair (6/6) D:11
  Swamp (1/4) Lair:3        Snake (1/4) Lair:4        Slime (0/5) Lair:6
    Orc (2/2) D:12            Elf (0/3) Orc:2

Altars:
Ashenzari
Cheibriados
Dithmenos
Elyvilon
Fedhas
Gozag
Hepliaklqana
Kikubaaqudgha
Makhleb
Nemelex Xobeh
Okawaru
Qazlal
Ru
Sif Muna
Trog
Uskayaw
Vehumet
Wu Jian
Xom
Yredelemnul
Zin
The Shining One
Beogh

Shops:
D:5 !   D:6 }   D:7 !   D:12 (   Orc:2 [?:?*   Lair:4 (   Snake:1 [=

Annotations:
Lair:1 exclusion: 4 oklob plants
Swamp:1 Amaterasu's ghost, adept FoFi


Innate Abilities, Weirdness & Mutations

You do not eat or drink.
Your flesh is vulnerable to fire.
You are immune to poison.
Your flesh is cold resistant. (rC+)
You are immune to negative energy. (rN+++)
You are immune to unholy pain and torment.
You can survive without breathing.
You are in touch with the powers of death.


Message History

Amaterasu's ghost barely misses you.
You crush Amaterasu's ghost like a grape!!!
Amaterasu's ghost is almost destroyed.
Amaterasu's ghost misses you.
You hit Amaterasu's ghost but do no damage.
Amaterasu's ghost is almost destroyed.
Amaterasu's ghost hits you but does no damage.
You closely miss Amaterasu's ghost.
Amaterasu's ghost is almost destroyed.
Amaterasu's ghost hits you!! Amaterasu's ghost burns you.
* * * LOW HITPOINT WARNING * * *
You closely miss Amaterasu's ghost.
Amaterasu's ghost is almost destroyed.
Amaterasu's ghost hits you!!
* * * LOW HITPOINT WARNING * * *
Amaterasu's ghost burns you.
* * * LOW HITPOINT WARNING * * *
Amaterasu's ghost hits you!!
You die...
Your body crumbles into a pile of gold.

≈≈.≈≈.≈≈..≈.≈≈..♣
≈≈.≈≈≈≈§≈≈≈≈≈♣≈≈♣
.....≈♣≈.≈≈≈...≈♣
♣.≈....≈≈.≈≈.♣♣♣
♣♣≈.≈♣.♣.≈≈.≈≈.♣♣
♣♣.≈≈.....≈≈≈≈.♣
♣♣...♣♣..≈≈≈≈≈≈.♣
♣....♣.W.≈≈≈≈≈≈.♣
♣♣...♣..@.≈≈≈≈≈.♣
♣........≈≈≈≈≈≈.♣
♣.≈≈≈≈♣.≈≈≈≈≈≈≈.♣
≈§≈≈≈.♣.≈≈≈≈≈≈..♣
.≈....♣.≈≈≈≈≈..♣♣
..♣.♣.♣♣.≈≈≈..♣♣.
≈.≈≈ ♣♣.../≈..♣
♣.≈.≈.♣≈..
♣♣..♣.≈≈≈≈


You could see Amaterasu's ghost.

Vanquished Creatures
  The ghost of
  1994 the Cleaver, a journeyman HOFi of Beogh (Swamp:1)
  Erolcha (Orc:2)
  Fannar (Orc:1)
  3 hydras
  2 naga warriors (Snake:1)
  Erica (D:8)
  3 death yaks
  The ghost of Quirk the Blocker, a novice GnFi of Ashenzari (D:8)
  4 two-headed ogres
  Urug (Lair:3)
  A shock serpent (Snake:1)
  Nergalle (Orc:2)
  Pikel (D:8)
  An unseen horror (D:12)
  An orc knight (Orc:1)
  A lindwurm (Lair:5)
  A mana viper (Snake:1)
  8 orc sorcerers (Orc:2)
  2 deep elf magi (Orc:2)
  2 ugly things
  A manticore (D:11)
  3 cyclopes
  10 elephants
  11 black mambas
  28 spiny frogs
  Psyche (D:8)
  A kobold demonologist (D:12)
  2 rime drakes
  11 komodo dragons
  A troll (Orc:2)
  5 tyrant leeches
  A queen bee (D:11)
  Grinder (D:5)
  A hornet (Lair:5)
  A bog body (Lair:3)
  8 slime creatures
  12 blink frogs
  6 hippogriffs
  3 wyverns
  36 yaks
  The ghost of Baghtru the Skirmisher, an amateur HOFi (D:3)
  2 basilisks
  8 vampire mosquitoes
  2 swamp worms (Lair:3)
  5 wargs
  4 nagas
  Duvessa (D:5)
  An acid dragon (D:12)
  13 water moccasins
  11 porcupines
  3 sky beasts
  A black bear (D:9)
  2 ice beasts
  A hornet zombie (D:6)
  A swamp drake (Orc:2)
  17 orc warriors
  3 necrophages
  7 wolves
  An eye of draining (D:8)
  13 ogres
  A centaur (D:6)
  20 crocodiles
  A big kobold (D:8)
  Blork the orc (D:8)
  31 bullfrogs
  A gnoll sergeant (D:9)
  Dowan (D:5)
  5 scorpions
  24 killer bees
  2 electric eels (Lair:6)
  9 howler monkeys
  7 crimson imps
  2 human zombies (Ossuary)
  3 quasits
  6 bullfrog zombies
  4 centaur zombies
  An iron imp (Orc:2)
  3 jellies
  22 orc priests
  4 hounds
  35 orc wizards
  5 bullfrog skeletons
  8 iguanas
  12 worker ants
  2 killer bee zombies (D:6)
  A big kobold zombie (Ossuary)
  A hound zombie (D:4)
  A hound skeleton (D:5)
  5 mummies
  A howler monkey zombie (D:10)
  3 worker ant zombies
  8 gnolls
  2 howler monkey skeletons
  15 adders
  2 shadow imps
  A white imp (Orc:2)
  4 oozes (Lair:6)
  2 adder zombies (D:6)
  An adder skeleton (D:6)
  2 worms
  3 dart slugs
  6 leopard geckos
  81 orcs
  4 giant cockroaches
  A gnoll zombie (Ossuary)
  6 goblins
  8 hobgoblins
  20 jackals
  4 quokkas
  6 bats
  A frilled lizard (D:2)
  3 hobgoblin zombies
  A jackal skeleton (D:4)
  A jackal zombie (D:6)
  11 kobolds
  A kobold zombie (Ossuary)
  An orc zombie (D:6)
  2 quokka skeletons
  A quokka zombie (D:6)
  5 rats
702 creatures vanquished.

Vanquished Creatures (others)
  A swamp drake (Swamp:1)
  An orc priest (Orc:2)
  13 fungi
  69 plants
84 creatures vanquished.

Grand Total: 786 creatures vanquished

Notes
Turn   | Place    | Note
-------+----------+-------------------------------------------
     0 | D:1      | Zwobot the Mummy Fighter began the quest for the Orb.
     0 | D:1      | Reached XP level 1. HP: 18/18 MP: 1/1
   382 | D:1      | Reached skill level 2 in Maces & Flails
   447 | D:1      | Reached XP level 2. HP: 23/24 MP: 2/2
   748 | D:2      | Reached XP level 3. HP: 28/29 MP: 3/3
   812 | D:2      | Noticed a hand axe
   815 | D:2      | Noticed a dagger
   815 | D:2      | Found a hide-covered altar of Uskayaw.
   874 | D:2      | Reached skill level 3 in Maces & Flails
   878 | D:2      | Reached XP level 4. HP: 33/37 MP: 4/4
  1813 | D:3      | Reached XP level 5. HP: 41/42 MP: 5/5
  1870 | D:3      | Noticed Baghtru's ghost (amateur HOFi)
  2279 | D:4      | Reached skill level 1 in Evocations
  2506 | D:4      | Reached skill level 4 in Maces & Flails
  2854 | D:4      | Reached XP level 6. HP: 48/48 MP: 7/7
  2913 | D:4      | Found a basalt altar of Yredelemnul.
  2913 | D:4      | Found a burning altar of Makhleb.
  3532 | D:5      | Entered Level 5 of the Dungeon
  3539 | D:5      | Reached skill level 5 in Maces & Flails
  3541 | D:5      | Noticed Blork the orc
  3642 | D:5      | Reached XP level 7. HP: 43/54 MP: 8/8
  4136 | D:5      | Reached skill level 6 in Maces & Flails
  4342 | D:5      | Noticed Duvessa
  4376 | D:5      | Killed Duvessa
  4420 | D:5      | Noticed Dowan
  4428 | D:5      | Noticed Grinder
  4428 | D:5      | Killed Dowan
  4436 | D:5      | Paralysed by Grinder for 4 turns
  4445 | D:5      | Paralysed by Grinder for 3 turns
  4458 | D:5      | Killed Grinder
  4458 | D:5      | Reached skill level 7 in Maces & Flails
  4458 | D:5      | Reached XP level 8. HP: 51/60 MP: 9/9
  4578 | D:5      | Found Neuganyi's Distillery.
  4722 | D:5      | Got a warped whip
  4723 | D:5      | Identified the +8 whip "Ogre's Curse" {venom, rC- Dex+3 SInv} (You found it on level 5 of the Dungeon)
  5114 | D:3      | Reached skill level 8 in Maces & Flails
  5670 | D:3      | Killed Baghtru's ghost
  5995 | D:6      | Found Oddel's Gadget Emporium.
  6058 | D:6      | Found a sand-covered staircase.
  6067 | Ossuary  | Entered an ossuary
  6209 | Ossuary  | Reached skill level 9 in Maces & Flails
  6421 | D:6      | Bought a wand of iceblast (7) for 154 gold pieces
  6598 | D:6      | Reached XP level 9. HP: 29/65 MP: 10/10
  7488 | D:7      | Found a staircase to the Ecumenical Temple.
  7497 | Temple   | Entered the Ecumenical Temple
  7582 | Temple   | Became a worshipper of Gozag Ym Sagoz the Greedy
  7729 | D:7      | Found Reacluwn's Distillery.
  8185 | D:8      | Reached skill level 10 in Maces & Flails
  8255 | D:8      | Killed Blork the orc
  8450 | D:8      | Noticed Quirk's ghost (novice GnFi)
  8838 | D:8      | Killed Quirk's ghost
  8881 | D:8      | Reached skill level 5 in Armour
  9140 | D:8      | Reached XP level 10. HP: 71/71 MP: 11/11
  9199 | D:8      | Noticed Psyche
  9213 | D:8      | Killed Psyche
  9339 | D:8      | Reached skill level 11 in Maces & Flails
  9427 | D:8      | Noticed Erica
  9447 | D:8      | Killed Erica
  9691 | D:8      | Noticed Pikel
  9701 | D:8      | Killed Pikel
  9779 | D:8      | Found a bloodstained altar of Trog.
  9930 | D:9      | Noticed a two-headed ogre
  9942 | D:9      | Killed a two-headed ogre
 10058 | D:9      | Noticed a two-headed ogre
 10291 | D:9      | Reached skill level 12 in Maces & Flails
 10309 | D:9      | Killed a two-headed ogre
 10363 | D:9      | Reached XP level 11. HP: 73/77 MP: 12/12
 11149 | D:10     | Entered Level 10 of the Dungeon
 11256 | D:10     | Noticed a two-headed ogre
 11280 | D:10     | Killed a two-headed ogre
 11280 | D:10     | Reached skill level 5 in Fighting
 12559 | D:11     | Found a staircase to the Lair.
 13036 | D:11     | Noticed a cyan ugly thing
 13058 | D:11     | Noticed a brown ugly thing
 13065 | Lair:1   | Entered Level 1 of the Lair of Beasts
 13177 | Lair:1   | Noticed an oklob plant
 13177 | Lair:1   | Noticed an oklob plant
 13177 | Lair:1   | Noticed an oklob plant
 13177 | Lair:1   | Noticed an oklob plant
 13467 | Lair:1   | Found a dark tunnel.
 13472 | Volcano  | Entered a volcano
 13488 | Volcano  | Noticed a salamander mystic
 14178 | Lair:2   | Noticed a death yak
 14220 | Lair:2   | Killed a death yak
 14220 | Lair:2   | Reached XP level 12. HP: 45/92 MP: 13/13
 14766 | Lair:2   | Learned a level 2 spell: Blink
 14980 | Lair:2   | Noticed a death yak
 15018 | Lair:2   | Noticed a death yak
 15045 | Lair:2   | Killed a death yak
 15062 | Lair:2   | HP: 3/93 [death yak (11)]
 16081 | Lair:3   | Found a staircase to the Swamp.
 16902 | Lair:4   | Reached skill level 13 in Maces & Flails
 16918 | Lair:4   | Noticed Urug
 17425 | Lair:4   | Reached skill level 10 in Armour
 17428 | Lair:4   | Found a staircase to the Snake Pit.
 17836 | Lair:4   | Reached skill level 1 in Dodging
 18565 | Lair:4   | Gained mutation: You are in touch with the powers of death. [Mummy growth]
 18565 | Lair:4   | Reached XP level 13. HP: 78/103 MP: 14/14
 18692 | Lair:4   | Bought an iridescent great mace for 414 gold pieces
 18697 | Lair:4   | Identified the +7 great mace of the Gloaming {flame, rN+ Dex+3} (You bought it in a shop on level 4 of the Lair of Beasts)
 18773 | Lair:5   | Reached skill level 10 in Fighting
 19110 | Lair:5   | You fall through a shaft!
 19110 | Lair:6   | Entered Level 6 of the Lair of Beasts
 20035 | Lair:5   | Reached skill level 5 in Dodging
 22160 | Lair:6   | Found a staircase to the Slime Pits.
 22189 | Lair:6   | Reached XP level 14. HP: 107/113 MP: 15/15
 23099 | Lair:3   | Killed Urug
 23171 | Lair:1   | Reached skill level 14 in Maces & Flails
 23758 | D:12     | Found Sopp's Weapon Shop.
 24168 | D:12     | Found a staircase to the Orcish Mines.
 24733 | Orc:1    | Entered Level 1 of the Orcish Mines
 24745 | Orc:1    | Noticed Fannar
 24792 | Orc:1    | Killed Fannar
 25242 | Orc:2    | Entered Level 2 of the Orcish Mines
 25284 | Orc:2    | Found a staircase to the Elven Halls.
 25895 | Orc:2    | Found Douba's General Store.
 25903 | Orc:2    | Bought the +5 chain mail of the Alphagorgon {rF+ Regen+ Dex+3} for 547 gold pieces
 26409 | Orc:2    | Found Saumupri's Magic Scroll Boutique.
 26434 | Orc:2    | Found an ancient bone altar of Kikubaaqudgha.
 26435 | Orc:2    | Noticed Nergalle
 26476 | Orc:2    | Killed Nergalle
 26508 | Orc:2    | Found a radiant altar of Vehumet.
 26510 | Orc:2    | Noticed Erolcha
 26528 | Orc:2    | Killed Erolcha
 26681 | Orc:2    | Found Sitint's Book Boutique.
 26810 | Orc:2    | Found a roughly hewn altar of Beogh.
 26810 | Orc:2    | Found Omiutiu's Magic Scroll Boutique.
 26811 | Orc:2    | Found Yhiemek's Antique Armour Shop.
 26856 | Orc:2    | Bought a pair of glowing gloves for 300 gold pieces
 27088 | Orc:2    | Bought a scroll of blinking for 75 gold pieces
 27119 | Orc:2    | Bought a scroll of enchant armour for 127 gold pieces
 27119 | Orc:2    | Bought a scroll of torment for 127 gold pieces
 27346 | Snake:1  | Entered Level 1 of the Snake Pit
 27715 | Snake:1  | Bought a pair of runed gloves for 330 gold pieces
 27715 | Snake:1  | Bought a pair of embroidered gloves for 330 gold pieces
 27715 | Snake:1  | Bought a runed cloak for 330 gold pieces
 27760 | Snake:1  | Bought the ring "Neezazxe" {rCorr rF+ Int+5 Dex-3} for 649 gold pieces
 27858 | Swamp:1  | Entered Level 1 of the Swamp
 27858 | Swamp:1  | Noticed 1994's ghost (journeyman HOFi)
 27954 | Swamp:1  | Killed 1994's ghost
 28058 | Swamp:1  | Noticed Amaterasu's ghost (adept FoFi)
 28333 | Lair:3   | Reached skill level 1 in Translocations
 28840 | Swamp:1  | Demolished by Amaterasu's ghost

Skill      XL: |  1  2  3  4  5  6  7  8  9 10 11 12 13 14 |
---------------+-------------------------------------------+-----
Maces & Flails | 2 3 4 5 7 9 10 12 13 14 | 14.8
Fighting       | 4 7 9 11 12 | 12.5
Evocations     | 1 2 |  2.3
Armour         | 3 5 6 9 10 | 10.0
Dodging        | 2 7 9 |  9.0
Translocations | 1 |  1.1
Shields        | |  2.4

Action                   |  1- 3 |  4- 6 |  7- 9 | 10-12 | 13-15 || total
-------------------------+-------+-------+-------+-------+-------++-------
Melee: Flail             |    99 |   265 |   125 |       |       ||   489
       Whip              |       |       |   374 |   800 |    11 ||  1185
       Dire flail        |       |       |    29 |   120 |       ||   149
       Morningstar       |       |       |       |   115 |    20 ||   135
       Great mace        |       |       |       |       |   937 ||   937
 Fire: Blowgun           |       |       |     4 |       |       ||     4
Throw: Stone             |     2 |     2 |       |       |       ||     4
       Javelin           |       |       |    11 |     9 |     3 ||    23
Invok: Potion Petition   |       |       |       |     2 |       ||     2
       Call Merchant     |       |       |       |       |     3 ||     3
Evoke: Wand              |       |     8 |     5 |     6 |    13 ||    32
       Fan of gales      |       |       |       |     1 |       ||     1
       Phantom mirror    |       |       |       |     1 |       ||     1
       Lightning rod     |       |       |       |       |     4 ||     4
  Use: Scroll            |     3 |       |     6 |    17 |     4 ||    30
 Stab: Distracted        |       |       |     1 |    11 |     7 ||    19
       Confused          |       |       |       |       |     1 ||     1
Armor: Scale mail        |    48 |   157 |    85 |       |       ||   290
       Plate armour      |       |       |    73 |   401 |   378 ||   852
       Chain mail        |       |       |       |       |   136 ||   136
Dodge: Dodged            |    28 |    87 |   119 |   162 |   466 ||   862
Block: Shield            |    51 |   148 |    71 |   127 |    11 ||   408
